 Dungeon Crawl Stone Soup version 0.22.1-1-ga44c0e5 (webtiles) character file.

35 dvd the Sneak (level 3, -1/21 HPs)
             Began as an Octopode Fire Elementalist on Oct 22, 2018.
             Slain by Crazy Yiuf
             ... wielding a +2 quarterstaff of chaos
              (10 damage)
             ... on level 2 of the Dungeon.
             The game lasted 00:02:04 (1467 turns).

dvd the Sneak (Octopode Fire Elementalist)          Turns: 1467, Time: 00:02:04

Health: -1/21      AC:  1    Str:  7    XL:     3   Next: 33%
Magic:  0/6        EV: 13    Int: 18    God:
Gold:   90         SH:  0    Dex: 12    Spells: 3/6 levels left

rFire    . . .     SeeInvis .   d - +2 dagger (protect)
rCold    . . .     Gourm    .   (no shield)
rNeg     . . .     Faith    .   (helmet restricted)
rPois    .         Spirit   +   i - amulet of guardian spirit
rElec    .         Reflect  .   (no ring)
rCorr    .         Harm     .   (no ring)
MR       .....                  (no ring)
Stlth    +++.......             (no ring)
HPRegen  0.07/turn              (no ring)
MPRegen  0.10/turn              (no ring)
                                (no ring)
                                (no ring)

@: very slightly contaminated, invisible
A: almost no armour, stealthy swim, amphibious, 8 rings, constrict 8, camouflage
1, gelatinous body 1
a: no special abilities


You were on level 2 of the Dungeon.
You were not hungry.

You visited 1 branch of the dungeon, and saw 2 of its levels.

You collected 90 gold pieces.

Inventory:

Hand Weapons
 d - a +2 dagger of protection (weapon)
Jewellery
 i - an amulet of guardian spirit (around mantle)
Scrolls
 f - a scroll of enchant armour {unknown}
 g - 4 scrolls of identify {unknown}
 h - a scroll of remove curse {unknown}
Potions
 a - a potion of might
 e - 5 potions of curing {unknown}
Comestibles
 b - 2 rations
 c - 8 chunks of flesh


   Skills:
 + Level 2.2 Dodging
 + Level 3.8 Stealth
 + Level 2.1 Spellcasting
 + Level 1.0 Conjurations
 + Level 3.6 Fire Magic


You had 3 spell levels left.
You knew the following spells:

 Your Spells              Type           Power        Failure   Level  Hunger
a - Flame Tongue          Conj/Fire      ##...        7%          1    #......
b - Throw Flame           Conj/Fire      ##....       11%         2    ###....

Your spell library contained the following spells:

 Spells                   Type           Power        Failure   Level  Hunger
 Conjure Flame            Conj/Fire      ##......     21%         3    ###....
 Inner Flame              Hex/Fire       #.......     26%         3    ###....
 Sticky Flame             Conj/Fire      ##......     56%         4    #####..
 Fireball                 Conj/Fire      ##........   88%         5    ######.


Dungeon Overview and Level Annotations

Branches:
Dungeon (2/15)

Altars:
Yredelemnul

Annotations:
D:2 Crazy Yiuf


Innate Abilities, Weirdness & Mutations

You cannot wear most types of armour.
You are very stealthy in the water. (Stealth+)
You are amphibious.
You can wear up to eight rings at the same time.
You can use your tentacles to constrict eight enemies at once.
Your skin changes colour to match your surroundings (Stealth+).
Your rubbery body absorbs attacks. (AC +1, EV +1)


Message History

Aiming: Flame Tongue (safe; 7% risk of failure)
Press: ? - help, Shift-Dir - straight line, f/p - Crazy Yiuf
Aim: Crazy Yiuf, wielding a quarterstaff of chaos and wearing a runed cloak The flame tongue misses Crazy Yiuf.
Crazy Yiuf misses you.
Casting: Flame Tongue (safe; 7% risk of failure)
Confirm with . or Enter, or press ? or * to list all spells.
Aiming: Flame Tongue (safe; 7% risk of failure)
Press: ? - help, Shift-Dir - straight line, f/p - Crazy Yiuf
Aim: Crazy Yiuf, wielding a quarterstaff of chaos and wearing a runed cloak The flame tongue misses Crazy Yiuf.
Crazy Yiuf hits you with a quarterstaff of chaos!
Crazy Yiuf burns you.
Casting: Flame Tongue (safe; 7% risk of failure)
Confirm with . or Enter, or press ? or * to list all spells.
Aiming: Flame Tongue (safe; 7% risk of failure)
Press: ? - help, Shift-Dir - straight line, f/p - Crazy Yiuf
Aim: Crazy Yiuf, wielding a quarterstaff of chaos and wearing a runed cloak The flame tongue misses Crazy Yiuf.
Crazy Yiuf hits you with a quarterstaff of chaos!
You die...

####.......#
##### ##......#
######### #..)#
#....)..# #...#
###.....## #####
#...# #.......
#...### ##'##
#...#### #.....#
♣♣.♣ #.......
#.....# ♣.♣♣
##...### #.....#
♣♣g♣ #.#.#
#.....# ♣@♣♣
#...# #...#.#
♣♣.♣♣ ##..#
#.÷.#.# ♣...♣♣
#..# #...#.#
♣....♣ ####.>#
#...### #....#
#...#.#
#.....###....###
#.#.#.#
####...........#
#.#.#.#
#..#####....#
#.#.#.###
###..#........#
#...)....


You could see Crazy Yiuf.

Vanquished Creatures
  An adder (D:2)
  An ooze (D:2)
  A bat (D:1)
  2 giant cockroaches
  4 hobgoblins
  A quokka (D:2)
  A frilled lizard (D:2)
  2 goblins (D:2)
  5 kobolds (D:2)
  3 rats
21 creatures vanquished.

Notes
Turn   | Place    | Note
-------+----------+-------------------------------------------
     0 | D:1      | dvd the Octopode Fire Elementalist began the quest for the
                  | Orb.
     0 | D:1      | Reached XP level 1. HP: 11/11 MP: 3/3
   898 | D:2      | Reached XP level 2. HP: 17/17 MP: 5/5
  1068 | D:2      | Reached XP level 3. HP: 21/21 MP: 0/6
  1077 | D:2      | Learned a level 2 spell: Throw Flame
  1381 | D:2      | Found a basalt altar of Yredelemnul.
  1451 | D:2      | Found a runed door.
  1455 | D:2      | Noticed Crazy Yiuf
  1467 | D:2      | Slain by Crazy Yiuf

Skill      XL: |  1 |
---------------+----+-----
Stealth        | 3 |  3.8
Dodging        | |  2.2
Spellcasting   | |  2.1
Conjurations   | |  1.0
Fire Magic     | |  3.6

Action                   || total
-------------------------++-------
Melee: Unarmed           ||     4
       Dagger            ||    17
       Constrict         ||     7
       Tentacles         ||     3
 Cast: Flame Tongue      ||    22
       Throw Flame       ||     3
 Stab: Sleeping          ||     2
  Eat: Chunk             ||     2
Armor: Skin              ||     2
Dodge: Dodged            ||    12
